 Dungeon Crawl Stone Soup version 0.15.2 (webtiles) character file.

106 JackS81 the Poker (level 4, 0/33 HPs)
             Began as a Merfolk Death Knight on Aug 17, 2017.
             Was a Believer of Yredelemnul.
             Killed by nerve-wracking pain
             ... invoked by an orc priest
              (6 damage)
             ... on Level 3 of the Dungeon.
             The game lasted 00:11:51 (1749 turns).

JackS81 the Poker (Merfolk Death Knight)            Turns: 1749, Time: 00:11:53

HP   0/33        AC  3     Str 14      XL: 4   Next: 84%
MP   6/6         EV 11     Int 10      God: Yredelemnul [**....]
Gold 94          SH  0     Dex 13      Spells:  0 memorised,  3 levels left

rFire  . . .     SeeInvis .     a - +1 spear
rCold  . . .     Clarity  .     b - +0 leather armour
rNeg   . . .     rCorr    .     (no shield)
rPois  +         rRot     .     (no helmet)
rElec  .         Spirit   .     (no cloak)
SustAb .         Warding  .     (no gloves)
rMut   .         Stasis   .     (no boots)
Gourm  .                        (no amulet)
MR     .....                    (no ring)
                                j - ring of poison resistance

@: injury mirror, not resistant to hostile enchantments, very unstealthy
A: change form in water, swift swim
a: Animate Remains, Recall Undead Slaves, Injury Mirror, Renounce Religion


You were on level 3 of the Dungeon.
You worshipped Yredelemnul.
Yredelemnul was pleased with you.
You were not hungry.

You visited 1 branch of the dungeon, and saw 3 of its levels.

You collected 94 gold pieces.

Inventory:

Hand weapons
 a - a +1 spear (weapon)
 g - a +0 hunting sling
Missiles
 h - 21 stones (quivered)
Armour
 b - a +0 leather armour (worn)
 s - a +0 chain mail
Magical devices
 p - a wand of magic darts (6) {unknown}
Comestibles
 c - a bread ration
 i - a rotting chunk of bat flesh
 m - a rotting chunk of worm flesh
 q - a chunk of giant cockroach flesh
Scrolls
 e - a scroll of fog {unknown}
 f - a scroll of immolation {unknown}
 k - 2 scrolls of recharging {unknown}
 l - a scroll of amnesia {unknown}
 n - a scroll of remove curse {unknown}
 r - a scroll of fear {unknown}
Jewellery
 j - a ring of poison resistance (left hand)
 o - an uncursed ring of ice
Potions
 d - 2 potions of curing {unknown}


   Skills:
 - Level 2.1 Fighting
 * Level 7.0 Polearms
 - Level 0.6 Armour
 - Level 1.3 Dodging
 - Level 0.2 Stealth
 - Level 3.0 Invocations


You had 3 spell levels left.
You didn't know any spells.

Dungeon Overview and Level Annotations

Branches:
Dungeon (3/15)

Altars:


Message History

The giant gecko bites you but does no damage.
The orc priest prays to Beogh.
You feel troubled.
You barely miss the giant gecko. The giant gecko bites you.
* * * LOW HITPOINT WARNING * * *
You are too injured to fight recklessly!
Use which ability? (? or * to list)
You offer yourself to Yredelemnul, and fill with unholy energy.
The giant gecko bites you.
* * * LOW HITPOINT WARNING * * *
Yredelemnul mirrors your injury!
The giant gecko is severely wounded.
The orc priest's eyes start to glow.
You hit the giant gecko.
You kill the giant gecko!
Yredelemnul accepts your kill.
The orc priest invokes the aid of Beogh against you.
Pain shoots through your body!
You die...
Your body rises from the dead as a mindless zombie.

... ####.####.
#.......... +........
...... ###.####'#.#
........o).##
########)#..# #. <
#@#..# #. .# #.#..#
##.#.# #.#..# .....#
#.#..# .....# #.#).##
..... ..#...#
....##############)#.#
...................#.#
....#......#########.#


You could see an orc priest.

Vanquished Creatures
  An adder (D:2)
  3 worms
  A giant mite (D:1)
  2 giant geckos
  4 orcs (D:3)
  A ball python (D:2)
  4 giant cockroaches
  7 hobgoblins
  5 jackals (D:1)
  6 kobolds
  8 bats
  3 giant newts
  8 goblins
  4 rats
57 creatures vanquished.

Vanquished Creatures (collateral kills)
  An adder (D:2)
  A bat (D:2)
2 creatures vanquished.

Vanquished Creatures (others)
  An adder zombie (D:2)
  A giant cockroach zombie (D:1)
  An orc zombie (D:3)
3 creatures vanquished.

Grand Total: 62 creatures vanquished

Notes
Turn   | Place    | Note
--------------------------------------------------------------
     0 | D:1      | JackS81, the Merfolk Death Knight, began the quest for the Orb.
     0 | D:1      | Reached XP level 1. HP: 16/16 MP: 2/2
   159 | D:1      | Reached skill level 4 in Polearms
   159 | D:1      | Reached XP level 2. HP: 22/22 MP: 3/3
   394 | D:1      | Reached skill level 5 in Polearms
   394 | D:1      | Reached XP level 3. HP: 27/27 MP: 5/5
   741 | D:1      | Acquired Yredelemnul's second power
  1089 | D:2      | Reached skill level 6 in Polearms
  1089 | D:2      | Reached XP level 4. HP: 22/33 MP: 6/6
  1743 | D:3      | Reached skill level 7 in Polearms
  1749 | D:3      | Killed from afar by an orc priest

Action                   |  1- 3 |  4- 6 || total
-------------------------+-------+-------++-------
Melee: Spear             |   145 |   110 ||   255
Throw: Stone             |     1 |       ||     1
Invok: Animate Remains   |     1 |     2 ||     3
       Injury Mirror     |       |     1 ||     1
  Use: Scroll            |       |     2 ||     2
 Stab: Sleeping          |     1 |     2 ||     3
  Eat: Chunk             |     1 |     2 ||     3
